 Dungeon Crawl Stone Soup version 0.30.1 (webtiles) character file.

Game seed: 1208799269080958241

158 Peloso the Slasher (level 5, 0/47 HPs)
             Began as a Minotaur Fighter on July 2, 2023.
             Slain by a gnoll
             ... wielding a +0 whip
             ... led by a gnoll bouda
              (2 damage)
             ... on level 3 of the Dungeon.
             The game lasted 00:03:54 (1694 turns).

Peloso the Slasher (Minotaur Fighter)               Turns: 1694, Time: 00:03:54

Health: 0/47       AC:  7    Str: 20    XL:     5   Next: 16%
Magic:  4/4        EV:  9    Int:  5    God:
Gold:   98         SH:  5    Dex: 12    Spells: 4/4 levels left

rFire   . . .        a - +0 long sword
rCold   . . .        d - +0 buckler
rNeg    . . .        b - +0 scale mail
rPois   .            (helmet restricted)
rElec   .            (no cloak)
rCorr   .            (no gloves)
SInv    .            (no boots)
Will    .....        (no amulet) Stlth
                     (no ring)
HPRegen 0.27/turn    (no ring)
MPRegen 0.09/turn

%: no passive effects
@: no status effects
A: horns 2, retaliatory headbutt
a: no special abilities


You were on level 3 of the Dungeon.
You visited 1 branch of the dungeon, and saw 3 of its levels.

You collected 98 gold pieces.

Inventory:

Hand Weapons
 a - a +0 long sword (weapon)
Armour
 b - a +0 scale mail (worn)
 c - a +2 cloak
 d - a +0 buckler (worn)
Jewellery
 k - an amulet of the acrobat
Scrolls
 f - a scroll of enchant armour {unknown}
 g - a scroll of vulnerability {unknown}
 j - a scroll of amnesia {unknown}
 l - a scroll of fear {unknown}
 m - a scroll of identify {unknown}
 n - a scroll of immolation {unknown}
Potions
 e - a potion of curing
 h - a potion of might
 i - a potion of heal wounds {unknown}
 o - a potion of mutation {unknown}


   Skills:
 + Level 4.4 Fighting
 + Level 4.6 Long Blades
 + Level 4.5 Armour
 + Level 0.6 Dodging
 + Level 4.2 Shields


You had 4 spell levels left.
You didn't know any spells.
Your spell library was empty.

Dungeon Overview and Level Annotations

Branches:
Dungeon (3/15)

Altars:


Innate Abilities, Weirdness & Mutations

You have a pair of horns on your head.
You reflexively headbutt those who attack you in melee.


Message History

The gnoll bouda hits you with a +0 whip!
The gnoll closely misses you.
Unknown command.
The gnoll bouda attacks as you move away!
The gnoll bouda hits you but does no damage.
The gnoll bouda attacks as you move away!
The gnoll bouda hits you with a +0 whip.
* * * LOW HITPOINT WARNING * * *
The gnoll bouda attacks as you move away!
The gnoll bouda closely misses you.
The gnoll bouda attacks as you move away!
The gnoll bouda barely misses you.
Okay, then.
The gnoll bouda gazes fiercely through you!
You feel your attacks grow feeble.
The gnoll bouda attacks as you move away!
The gnoll bouda hits you with a +0 whip.
* * * LOW HITPOINT WARNING * * *
The gnoll is no longer moving quickly.
The gnoll bouda barks out a call to the hunt!
The gnoll picks up the pace!
You feel better. The gnoll closely misses you.
The gnoll is no longer moving quickly.
Your attacks no longer feel as feeble.
The gnoll bouda barks out a call to the hunt!
The gnoll picks up the pace!
The gnoll is no longer moving quickly.
The gnoll attacks as you move away! The gnoll hits you with a +0 whip.
* * * LOW HITPOINT WARNING * * *
The gnoll hits you but does no damage. The gnoll attacks as you move away!
The gnoll hits you with a +0 whip.
* * * LOW HITPOINT WARNING * * *
The gnoll hits you from afar with a +0 halberd.
* * * LOW HITPOINT WARNING * * *
The gnoll bouda barks out a call to the hunt!
The gnoll picks up the pace!
The gnoll attacks as you move away! The gnoll hits you with a +0 whip.
* * * LOW HITPOINT WARNING * * *
The gnoll hits you with a +0 whip.
You die...

#.###### ### #####.# ##.##
#.....# ##.#.## #.#####
##.###.###.# #.##.....#.#
##.#.#.....# ##..g.....#
###### # #
##@#....######..... .
....#######.#.#.gg.........#
#
#..........................
##..####....#..#.####.####.#
............#..#.# #.# #.#
##..####.......#.# #.# #)#
#..#####......#.# #.# #g#
#..##..)......... ... ..g
#######..##.###.....#.# ##.
..#.


You could see a gnoll (swift).

Vanquished Creatures
  Jessica (D:3)
  Robin (D:3)
  2 gnolls (D:3)
  3 adders (D:2)
  3 dart slugs
  2 ball pythons
  4 bats
  3 endoplasms
  4 giant cockroaches
  13 goblins
  8 hobgoblins
  8 jackals
  4 kobolds
  A quokka (D:1)
  A frilled lizard (D:1)
  4 rats
62 creatures vanquished.

Notes
Turn   | Place    | Note
-------+----------+-------------------------------------------
     0 | D:1      | Peloso the Minotaur Fighter began the quest for the Orb.
     0 | D:1      | Reached XP level 1. HP: 19/19 MP: 0/0
    37 | D:1      | Reached XP level 2. HP: 27/27 MP: 1/1
   352 | D:1      | Reached XP level 3. HP: 27/33 MP: 2/2
  1058 | D:2      | Reached XP level 4. HP: 38/40 MP: 3/3
  1474 | D:3      | Noticed Jessica
  1479 | D:3      | Killed Jessica
  1508 | D:3      | Noticed Robin
  1525 | D:3      | Killed Robin
  1534 | D:3      | Reached XP level 5. HP: 33/47 MP: 4/4
  1694 | D:3      | HP: 2/47 [gnoll/+0 whip[a gnoll bouda] (6)]
  1694 | D:3      | Slain by a gnoll

Illustrated notes

Levels and vault maps discovered:
D:1:      scummos_arrival_hexagon, layout_loops_ring, minmay_tripent
D:2:      layout_basic, minmay_puff
D:3:      layout_loops_ring, hellmonk_ecumenical_altar_blasted, minmay_rat_hole,
          uniq_robin, uniq_jessica

Skill      XL: |  1  2  3  4 |
---------------+-------------+-----
Fighting       | 4 |  4.4
Shields        | 4 |  4.2
Armour         | 4 |  4.5
Long Blades    | 3 4 |  4.6
Dodging        | |  0.6

Action                     |  1- 3 |  4- 6 || total
---------------------------+-------+-------++-------
  Melee: Long sword        |    82 |    51 ||   133
         Headbutt          |    13 |     6 ||    19
    Use: Potion            |     3 |     1 ||     4
 Armour: Scale mail        |    54 |    32 ||    86
  Dodge: Dodged            |    52 |    28 ||    80
  Block: Buckler           |    25 |    12 ||    37
